[ AOE2 MATCH · #495759796 ]
UnrankedMalay vs Slavs
Player's team · WIN
Rival team · LOSS
[ REPLAY ANALYSIS · EXTRACTED FROM THE RECORDED GAME ]
Feudal
9:40
Castle
21:59
Imperial
37:30
| APM avg | 64.2 |
| APM peak | 98 |
| eAPM avg | 28.8 |
| Villagers / military | 180 / 234 |
Focus
⚔️ 47.9% · 🌾 52.1%
Archer ×95 · Spearman ×67 · Battle Elephant ×55 · Trebuchet (Packed) ×10 · Scout Cavalry ×4 · Bombard Cannon ×2
Feudal
8:54
Castle
22:28
Imperial
44:17
| APM avg | 64.3 |
| APM peak | 121 |
| eAPM avg | 33.6 |
| Villagers / military | 262 / 262 |
Focus
⚔️ 43.0% · 🌾 57.0%
Knight ×93 · Skirmisher ×48 · Spearman ×42 · Scout Cavalry ×36 · Trebuchet (Packed) ×18 · Monk ×15
Match map
Initial resources + every placement click. Lines = walls · curves = elevation contours. ◆ gold · ⬟ stone · ● berries · ✦ relic · ◌ wall gap
Your base· Open — 6t gap
Hannibal's base· Open — 10t gap
Smoothed initial terrain · ◌ = detected wall gap · hover for details
Inputs per minute
— KSV - - Hannibal
Build order — KSV
First 150 of 648 actions detected
| 0:00 | Queue | Villager (Male) |
| 0:00 | Queue | Villager (Male) |
| 0:00 | Queue | Villager (Male) |
| 0:01 | Queue | Villager (Male) |
| 0:02 | Build | House |
| 0:02 | Build | House |
| 1:24 | Queue | Villager (Male) |
| 1:57 | Queue | Villager (Male) |
| 2:17 | Queue | Villager (Male) |
| 2:18 | Build | Lumber Camp |
| 2:45 | Queue | Villager (Male) |
| 3:04 | Queue | Villager (Male) |
| 3:35 | Queue | Villager (Male) |
| 4:00 | Queue | Villager (Male) |
| 4:01 | Build | House |
| 4:18 | Build | Palisade Wall |
| 4:19 | Build | Palisade Wall |
| 4:34 | Build | House |
| 4:37 | Queue | Villager (Male) |
| 5:01 | Queue | Villager (Male) |
| 5:10 | Build | Mill |
| 5:14 | Queue | Villager (Male) |
| 5:39 | Queue | Villager (Male) |
| 5:43 | Build | Palisade Gate |
| 5:45 | Build | Palisade Gate |
| 5:54 | Queue | Villager (Male) |
| 6:33 | Research | Loom |
| 6:42 | Build | Palisade Gate |
| 6:48 | Build | Palisade Gate |
| 6:55 | Queue | Villager (Male) |
| 7:21 | Build | Lumber Camp |
| 7:26 | Queue | Villager (Male) |
| 7:44 | Queue | Villager (Male) |
| 8:17 | Research | Feudal Age |
| 8:25 | Build | Barracks |
| 9:24 | Queue | Villager (Male) |
| 9:33 | Build | Mining Camp |
| 9:40 | Age | Feudal Age |
| 9:48 | Build | Archery Range |
| 9:53 | Queue | Villager (Male) |
| 10:09 | Build | House |
| 10:11 | Queue | Spearman |
| 10:11 | Queue | Spearman |
| 10:13 | Queue | Villager (Male) |
| 10:36 | Build | House |
| 10:39 | Queue | Archer |
| 10:41 | Queue | Villager (Male) |
| 10:45 | Build | House |
| 10:54 | Queue | Villager (Male) |
| 11:04 | Queue | Villager (Male) |
| 11:05 | Build | Farm |
| 11:09 | Queue | Archer |
| 11:16 | Build | House |
| 11:28 | Build | Farm |
| 11:55 | Queue | Archer |
| 12:01 | Build | House |
| 12:08 | Queue | Villager (Male) |
| 12:11 | Build | House |
| 12:14 | Build | House |
| 12:17 | Build | Palisade Wall |
| 12:18 | Build | House |
| 12:19 | Queue | Villager (Male) |
| 12:20 | Build | Farm |
| 12:25 | Build | House |
| 12:26 | Build | House |
| 12:37 | Build | Palisade Gate |
| 12:47 | Queue | Villager (Male) |
| 12:55 | Queue | Archer |
| 12:56 | Queue | Villager (Male) |
| 13:01 | Build | Farm |
| 13:02 | Queue | Archer |
| 13:04 | Queue | Spearman |
| 13:08 | Build | Palisade Wall |
| 13:11 | Build | Palisade Wall |
| 13:15 | Build | Farm |
| 13:17 | Build | Palisade Wall |
| 13:30 | Queue | Villager (Male) |
| 13:37 | Build | Farm |
| 13:42 | Build | Farm |
| 13:44 | Build | House |
| 13:45 | Queue | Archer |
| 13:50 | Research | Double-Bit Axe |
| 14:13 | Queue | Villager (Male) |
| 14:15 | Build | House |
| 14:21 | Build | Palisade Gate |
| 14:36 | Build | Stable |
| 14:40 | Queue | Villager (Male) |
| 14:42 | Build | Palisade Wall |
| 14:51 | Queue | Villager (Male) |
| 14:56 | Build | Palisade Gate |
| 14:59 | Build | Farm |
| 15:09 | Queue | Archer |
| 15:10 | Build | House |
| 15:19 | Queue | Villager (Male) |
| 15:21 | Build | Blacksmith |
| 15:40 | Queue | Villager (Male) |
| 15:44 | Queue | Archer |
| 15:45 | Queue | Scout Cavalry |
| 15:51 | Queue | Spearman |
| 15:56 | Build | House |
| 15:58 | Build | House |
| 16:00 | Build | House |
| 16:01 | Queue | Archer |
| 16:02 | Queue | Scout Cavalry |
| 16:05 | Queue | Scout Cavalry |
| 16:15 | Queue | Scout Cavalry |
| 16:19 | Build | Farm |
| 16:29 | Queue | Villager (Male) |
| 16:31 | Build | Farm |
| 16:35 | Build | Farm |
| 16:38 | Queue | Spearman |
| 16:44 | Research | Fletching |
| 16:59 | Queue | Villager (Male) |
| 17:15 | Build | Farm |
| 17:15 | Build | Farm |
| 17:16 | Build | Farm |
| 17:16 | Queue | Villager (Male) |
| 17:23 | Build | Farm |
| 17:25 | Build | Farm |
| 17:26 | Queue | Villager (Male) |
| 17:37 | Queue | Villager (Male) |
| 17:42 | Build | Farm |
| 17:43 | Build | Farm |
| 17:50 | Queue | Villager (Male) |
| 18:31 | Queue | Villager (Male) |
| 19:01 | Build | Farm |
| 19:02 | Build | Farm |
| 19:29 | Queue | Villager (Male) |
| 19:31 | Build | Farm |
| 19:32 | Queue | Archer |
| 19:40 | Build | House |
| 19:42 | Build | Market |
| 19:43 | Build | House |
| 19:45 | Build | Palisade Wall |
| 19:58 | Queue | Villager (Male) |
| 20:01 | Build | Palisade Wall |
| 20:09 | Queue | Archer |
| 20:15 | Build | Mill |
| 20:16 | Build | Farm |
| 20:23 | Research | Castle Age |
| 20:44 | Research | Padded Archer Armor |
| 20:46 | Queue | Archer |
| 20:52 | Queue | Archer |
| 20:55 | Build | Palisade Wall |
| 21:01 | Build | Archery Range |
| 21:07 | Research | Arson |
| 21:15 | Queue | Spearman |
| 21:21 | Research | Horse Collar |
| 21:21 | Research | Horse Collar |
| 21:29 | Queue | Archer |
Build order — Hannibal
First 150 of 772 actions detected
| 0:00 | Queue | Villager (Male) |
| 0:01 | Queue | Villager (Male) |
| 0:02 | Build | House |
| 0:07 | Queue | Villager (Male) |
| 0:08 | Queue | Villager (Male) |
| 1:23 | Build | House |
| 1:23 | Build | House |
| 1:30 | Queue | Villager (Male) |
| 1:59 | Queue | Villager (Male) |
| 2:06 | Build | Mill |
| 2:26 | Queue | Villager (Male) |
| 2:53 | Queue | Villager (Male) |
| 3:19 | Queue | Villager (Male) |
| 3:44 | Build | Palisade Gate |
| 3:46 | Queue | Villager (Male) |
| 4:02 | Queue | Villager (Male) |
| 4:27 | Queue | Villager (Male) |
| 4:40 | Queue | Villager (Male) |
| 5:12 | Queue | Villager (Male) |
| 5:16 | Build | Lumber Camp |
| 5:26 | Queue | Villager (Male) |
| 5:30 | Queue | Villager (Male) |
| 5:31 | Queue | Villager (Male) |
| 5:31 | Queue | Villager (Male) |
| 6:29 | Build | House |
| 6:44 | Research | Feudal Age |
| 6:44 | Research | Feudal Age |
| 7:32 | Build | Lumber Camp |
| 8:19 | Research | Loom |
| 8:26 | Build | Barracks |
| 8:54 | Age | Feudal Age |
| 8:54 | Queue | Villager (Male) |
| 9:14 | Build | Stable |
| 9:16 | Queue | Villager (Male) |
| 9:23 | Research | Double-Bit Axe |
| 9:23 | Research | Double-Bit Axe |
| 9:48 | Queue | Villager (Male) |
| 9:50 | Build | Mill |
| 9:55 | Build | Palisade Wall |
| 10:01 | Queue | Scout Cavalry |
| 10:02 | Queue | Scout Cavalry |
| 10:10 | Queue | Villager (Male) |
| 10:32 | Build | Farm |
| 10:33 | Build | Farm |
| 10:44 | Queue | Villager (Male) |
| 10:55 | Queue | Scout Cavalry |
| 11:03 | Queue | Villager (Male) |
| 11:07 | Build | Archery Range |
| 11:15 | Build | Farm |
| 11:22 | Queue | Villager (Male) |
| 11:24 | Build | Farm |
| 11:41 | Queue | Villager (Male) |
| 11:49 | Build | Farm |
| 12:03 | Build | Farm |
| 12:08 | Queue | Villager (Male) |
| 12:14 | Queue | Skirmisher |
| 12:14 | Queue | Skirmisher |
| 12:19 | Queue | Villager (Male) |
| 12:26 | Build | House |
| 12:45 | Queue | Villager (Male) |
| 12:52 | Queue | Villager (Male) |
| 12:58 | Build | Palisade Wall |
| 13:01 | Build | House |
| 13:02 | Build | Palisade Wall |
| 13:04 | Queue | Villager (Male) |
| 13:05 | Queue | Skirmisher |
| 13:08 | Build | House |
| 13:10 | Build | Palisade Wall |
| 13:14 | Build | Palisade Wall |
| 13:16 | Research | Horse Collar |
| 13:16 | Research | Horse Collar |
| 13:26 | Queue | Skirmisher |
| 13:34 | Queue | Villager (Male) |
| 13:44 | Build | Palisade Wall |
| 13:46 | Queue | Villager (Male) |
| 13:59 | Build | Farm |
| 14:11 | Queue | Villager (Male) |
| 14:17 | Build | Farm |
| 14:20 | Build | Farm |
| 14:20 | Build | Farm |
| 14:28 | Queue | Skirmisher |
| 14:31 | Build | Palisade Wall |
| 14:43 | Queue | Villager (Male) |
| 14:44 | Queue | Skirmisher |
| 14:49 | Queue | Villager (Male) |
| 14:54 | Build | Farm |
| 15:14 | Queue | Skirmisher |
| 15:19 | Build | Blacksmith |
| 15:21 | Queue | Skirmisher |
| 15:41 | Queue | Villager (Male) |
| 15:47 | Queue | Skirmisher |
| 15:55 | Build | Farm |
| 16:03 | Research | Fletching |
| 16:05 | Build | House |
| 16:05 | Queue | Villager (Male) |
| 16:15 | Queue | Villager (Male) |
| 16:18 | Build | Farm |
| 16:19 | Build | Farm |
| 16:23 | Queue | Skirmisher |
| 16:26 | Queue | Villager (Male) |
| 16:26 | Queue | Villager (Male) |
| 16:43 | Build | Mining Camp |
| 16:55 | Queue | Spearman |
| 17:05 | Queue | Scout Cavalry |
| 17:06 | Queue | Scout Cavalry |
| 17:09 | Build | Farm |
| 17:18 | Build | Farm |
| 17:23 | Research | Scale Barding Armor |
| 17:27 | Queue | Skirmisher |
| 17:39 | Queue | Scout Cavalry |
| 17:39 | Queue | Scout Cavalry |
| 17:47 | Build | House |
| 18:01 | Queue | Villager (Male) |
| 18:04 | Queue | Villager (Male) |
| 18:26 | Queue | Villager (Male) |
| 18:26 | Queue | Villager (Male) |
| 18:29 | Build | Stable |
| 18:36 | Queue | Villager (Male) |
| 18:49 | Queue | Scout Cavalry |
| 18:50 | Queue | Villager (Male) |
| 19:15 | Queue | Villager (Male) |
| 19:18 | Build | Market |
| 19:30 | Build | Farm |
| 19:31 | Build | Farm |
| 19:43 | Build | Farm |
| 19:48 | Research | Castle Age |
| 19:54 | Build | Farm |
| 20:13 | Research | Bloodlines |
| 20:16 | Build | Farm |
| 20:41 | Queue | Scout Cavalry |
| 20:41 | Queue | Scout Cavalry |
| 20:53 | Build | House |
| 20:59 | Research | Gold Mining |
| 20:59 | Research | Gold Mining |
| 21:03 | Queue | Scout Cavalry |
| 21:12 | Queue | Scout Cavalry |
| 21:13 | Queue | Scout Cavalry |
| 21:48 | Queue | Scout Cavalry |
| 22:06 | Queue | Scout Cavalry |
| 22:28 | Age | Castle Age |
| 22:30 | Build | Siege Workshop |
| 22:31 | Queue | Villager (Male) |
| 22:33 | Research | Light Cavalry (upgrade) |
| 22:36 | Queue | Knight |
| 22:36 | Queue | Knight |
| 22:43 | Build | House |
| 22:45 | Build | Palisade Wall |
| 22:52 | Queue | Mangonel |
| 22:55 | Build | Palisade Wall |
| 22:58 | Build | Palisade Wall |
Match timeline
| 4:18 | KSV · wall_segment Palisade Wall x1 |
| 4:19 | KSV · wall_segment Palisade Wall x1 |
| 8:25 | KSV · first_building Barracks |
| 8:26 | Hannibal · first_building Barracks |
| 8:54 | Hannibal · age_up feudal |
| 9:14 | Hannibal · first_building Stable |
| 9:40 | KSV · age_up feudal |
| 9:48 | KSV · first_building Archery Range |
| 9:55 | Hannibal · wall_segment Palisade Wall x1 |
| 11:07 | Hannibal · first_building Archery Range |
| 12:17 | KSV · wall_segment Palisade Wall x1 |
| 12:58 | Hannibal · wall_segment Palisade Wall x5 |
| 13:02 | Hannibal · wall_segment Palisade Wall x13 |
| 13:08 | KSV · wall_segment Palisade Wall x1 |
| 13:10 | Hannibal · wall_segment Palisade Wall x1 |
| 13:11 | KSV · wall_segment Palisade Wall x1 |
| 13:14 | Hannibal · wall_segment Palisade Wall x7 |
| 13:17 | KSV · wall_segment Palisade Wall x1 |
| 13:44 | Hannibal · wall_segment Palisade Wall x13 |
| 14:31 | Hannibal · wall_segment Palisade Wall x9 |
| 14:36 | KSV · first_building Stable |
| 14:42 | KSV · wall_segment Palisade Wall x1 |
| 19:45 | KSV · wall_segment Palisade Wall x1 |
| 20:01 | KSV · wall_segment Palisade Wall x7 |
| 20:10 | Hannibal · first_market_buy 100 food |
| 20:55 | KSV · wall_segment Palisade Wall x4 |
| 21:59 | KSV · age_up castle |
| 22:28 | Hannibal · age_up castle |
| 22:30 | Hannibal · first_building Siege Workshop |
| 22:45 | Hannibal · wall_segment Palisade Wall x1 |
| 22:55 | Hannibal · wall_segment Palisade Wall x1 |
| 22:58 | Hannibal · wall_segment Palisade Wall x4 |
| 26:28 | Hannibal · first_building Monastery |
| 27:22 | KSV · wall_segment Palisade Wall x1 |
| 28:37 | KSV · wall_segment Palisade Wall x1 |
| 29:42 | KSV · first_market_buy 100 food |
| 31:42 | KSV · first_building Monastery |
| 32:16 | KSV · wall_segment Palisade Wall x2 |
| 32:18 | KSV · wall_segment Palisade Wall x1 |
| 35:21 | KSV · first_building Castle |
| 35:29 | KSV · wall_segment Palisade Wall x1 |
| 35:32 | KSV · wall_segment Palisade Wall x1 |
| 36:49 | Hannibal · first_market_sell 100 food |
| 36:58 | Hannibal · first_building Castle |
| 37:30 | KSV · age_up imperial |
| 38:50 | KSV · wall_segment Palisade Wall x1 |
| 39:29 | KSV · wall_segment Palisade Wall x1 |
| 40:41 | KSV · wall_segment Palisade Wall x1 |
| 44:04 | KSV · first_market_sell 100 food |
| 44:17 | Hannibal · age_up imperial |
| 45:50 | KSV · first_building Siege Workshop |
| 47:54 | KSV · wall_segment Stone Wall x1 |
| 47:55 | KSV · wall_segment Palisade Wall x1 |
| 47:56 | KSV · wall_segment Palisade Wall x1 |
| 54:21 | Hannibal · resign |
[ AI ANALYSIS · 1 CREDIT ]
What really happened in this match?
Wolo.gg analyzes every decision: build order, eco, micro, common mistakes by bracket. Personalized analysis on WhatsApp or Discord in 30 seconds.
Civ guide
Malay
Perfil
Jugador #20557174